Map: Ephemeron LE

Players

HolyHit

  • Race: Protoss Protoss
  • Spawn Location: 11:00

uThermal - Winner!

  • Race: Terran Terran
  • Spawn Location: 5:00

Event: IEM Katowice 2020

VOD

Have the link to the VOD?

Description

Time

  • Played on: Feb. 25, 2020, 10:15 a.m.
  • Length: 14:47

All games in this series

Show
View Real Time Build Order
Export as new Build Order

HolyHit Protoss 

Build Orders: 1 Gate Expand, Dark Templar Rush 

Get SALT Encoding   

  12  0:00  Probe  
  13  0:12  Probe  
  14  0:17  Pylon  
  14  0:24  Probe (Chrono Boost)  
  15  0:36  Probe (Chrono Boost)  
  15  0:38  Gateway  
  16  0:45  Probe (Chrono Boost)  
  16  0:46  Assimilator  
  17  0:51  Probe  
  18  1:03  Probe  
  19  1:15  Probe  
  20  1:25  Cybernetics Core  
  20  1:33  Nexus  
  20  1:38  Probe  
  21  1:44  Pylon  
  21  1:50  Probe  
  21  1:52  Assimilator  
  21  1:59  Adept (Chrono Boost)  
  21  2:02  Probe  
  24  2:12  Warp Gate  
  24  2:14  Probe  
  25  2:19  Stalker (Chrono Boost)  
  27  2:26  Probe  
  28  2:34  Shield Battery  
  28  2:38  Probe  
  28  2:44  Twilight Council  
  28  2:47  Probe  
  28  2:50  Probe  
  30  2:59  Probe  
  30  3:00  Stalker  
  30  3:02  Probe  
  34  3:10  Shield Battery  
  34  3:14  Probe x2 (Chrono Boost)  
  36  3:27  Probe (Chrono Boost)  
  36  3:28  Probe (Chrono Boost), Robotics Facility  
  37  3:35  Probe  
  37  3:40  Probe  
  39  3:47  Probe  
  40  3:52  Probe, Dark Shrine  
  40  3:54  Gateway  
  40  4:01  Probe (Chrono Boost)  
  41  4:04  Probe (Chrono Boost)  
  42  4:11  Gateway  
  42  4:14  Warp Prism (Chrono Boost)  
  42  4:15  Assimilator  
  42  4:17  Assimilator  
  42  4:19  Probe (Chrono Boost)  
  42  4:23  Probe (Chrono Boost)  
  46  4:28  Pylon  
  46  4:38  Pylon  
  46  4:46  Probe x2  
  46  4:52  Pylon  
  48  4:54  Observer  
  48  4:58  Probe  
  50  5:01  Gateway x2  
  50  5:05  Dark Templar x2  
  54  5:16  Gateway  
  54  5:27  Blink (Chrono Boost)  
  54  5:36  Robotics Bay  
  54  5:37  Nexus  
  54  5:41  Probe  
  55  5:43  Probe  
  56  5:51  Pylon  
  56  5:53  Probe (Chrono Boost), Observer  
  56  5:55  Probe (Chrono Boost)  
  59  6:03  Forge  
  59  6:04  Forge  
  59  6:08  Probe (Chrono Boost)  
  60  6:14  Probe  
  60  6:17  Probe  
  62  6:19  Colossus (Chrono Boost)  
  62  6:23  Observer  
  66  6:26  Probe  
  66  6:28  Sentry  
  66  6:29  Sentry x2  
  66  6:30  Probe  
  74  6:35  Protoss Ground Weapons Level 1 (Chrono Boost)  
  74  6:38  Probe, Observer  
  75  6:40  Extended Thermal Lance  
  75  6:44  Probe  
  75  6:45  Protoss Ground Armor Level 1 (Chrono Boost)  
  76  6:50  Probe  
  77  6:55  Observer  
  77  6:58  Probe  
  77  7:01  Probe, Colossus (Chrono Boost)  
  79  7:03  Probe  
  86  7:08  Stalker  
  86  7:09  Stalker  
  90  7:20  Pylon  
  90  7:22  Probe  
  91  7:23  Templar Archives  
  91  7:24  Probe, Pylon  
  91  7:25  Probe  
  91  7:26  Pylon  
  91  7:28  Assimilator  
  93  7:33  Assimilator  
  93  7:35  Shield Battery  
  93  7:36  Charge  
  93  7:38  Probe x3  
  96  7:44  Colossus (Chrono Boost)  
  96  7:50  Probe x2  
  104  7:59  Probe  
  104  8:00  Psionic Storm  
  104  8:02  Probe  
  104  8:03  Observer  
  106  8:06  Pylon, Zealot x3  
  106  8:08  Probe  
  106  8:11  Probe  
  114  8:13  High Templar  
  114  8:17  Pylon  
  114  8:19  Pylon  
  116  8:27  High Templar  
  116  8:28  Stalker x2, Pylon  
  122  8:34  Dark Templar  
  122  8:40  Protoss Ground Armor Level 2 (Chrono Boost)  
  124  8:46  Protoss Ground Weapons Level 2 (Chrono Boost), Zealot x2  
  126  8:50  Gateway  
  126  8:55  Gateway  
  126  8:56  Pylon  
  126  9:03  Disruptor  
  126  9:06  Probe x2, Pylon  
  126  9:07  Probe  
  132  9:13  Photon Cannon  
  130  9:18  Zealot x4  
  135  9:40  Zealot x6  
  135  9:41  Nexus  
  135  9:42  Pylon  
  140  9:53  Stalker x2  
  144  10:07  Nexus  
  144  10:09  Stalker  
  146  10:14  Stalker  
  146  10:21  Disruptor  
  148  10:24  Robotics Facility  
  148  10:26  Stalker x2  
  151  10:36  Pylon  
  151  10:40  High Templar x3  
  151  10:41  Dark Templar, High Templar  
  160  10:44  Archon  
  160  10:45  Archon  
  160  10:53  Shield Battery  
  160  10:55  Photon Cannon  
  160  10:56  Shield Battery, Disruptor  
  160  10:58  Shield Battery, Protoss Ground Armor Level 3  
  159  11:13  Stargate  
  159  11:14  Stargate  
  138  11:27  Stalker x3  
  138  11:28  Stalker x3  
  146  11:33  Zealot x2  
  146  11:40  Assimilator  
  146  11:44  Assimilator  
  145  11:51  Zealot  
  145  11:52  Zealot x5  
  157  11:54  Zealot  
  157  11:55  Zealot  
  156  12:05  Fleet Beacon  
  154  12:10  Stargate  
  154  12:12  Disruptor  
  153  12:28  Zealot x6  
  147  12:31  Stalker x2  
  133  12:47  Tempest x2 (Chrono Boost)  
  133  12:50  Probe  
  133  12:51  Probe x2  
  142  13:04  Disruptor  
  144  13:13  Tempest (Chrono Boost)  
  149  13:23  Oracle (Chrono Boost)  
  152  13:27  Stalker, Nexus  
  152  13:28  Pylon  
  152  13:29  Pylon  
  154  13:39  Zealot  
  134  13:58  Zealot x4  
  134  14:02  Tempest (Chrono Boost)  
  130  14:10  Tempest (Chrono Boost)  
  130  14:15  High Templar  
  130  14:16  High Templar  
  134  14:25  Nexus  
Show
View Real Time Build Order
Export as new Build Order

uThermal Terran - Winner!

Build Orders: Reaper Expand 

Get SALT Encoding   

  12  0:01  SCV  
  13  0:13  SCV  
  14  0:17  Supply Depot  
  14  0:25  SCV  
  15  0:39  SCV  
  15  0:41  Barracks  
  16  0:43  Refinery  
  16  0:51  SCV  
  17  1:03  SCV  
  18  1:15  SCV  
  19  1:28  Reaper, Orbital Command  
  20  1:48  Command Center  
  20  1:54  SCV  
  20  1:59  Supply Depot  
  20  2:00  Marine  
  22  2:05  Bunker  
  22  2:09  SCV  
  23  2:20  Factory  
  23  2:21  Barracks Reactor  
  23  2:23  SCV  
  24  2:30  Refinery  
  24  2:35  SCV  
  25  2:47  SCV  
  26  2:59  SCV  
  26  3:04  Orbital Command, Marine x2  
  29  3:07  Hellion, Starport  
  31  3:13  SCV  
  32  3:25  SCV, Marine x2  
  35  3:28  Factory Tech Lab  
  35  3:31  SCV  
  36  3:37  SCV  
  37  3:43  SCV  
  37  3:46  Marine x2  
  37  3:47  Supply Depot  
  39  3:49  SCV  
  39  3:55  SCV, Starport Tech Lab  
  41  4:01  SCV, Siege Tank  
  44  4:03  Supply Depot  
  44  4:04  Marine x2  
  44  4:08  SCV  
  47  4:14  Raven  
  49  4:18  Command Center  
  49  4:20  SCV  
  49  4:22  Marine x2  
  52  4:25  SCV  
  53  4:32  SCV  
  53  4:33  Siege Tank  
  53  4:35  Supply Depot  
  57  4:39  SCV  
  57  4:40  Marine x2  
  57  4:44  SCV  
  61  4:48  Barracks  
  61  4:51  SCV  
  62  4:57  SCV  
  62  4:58  Supply Depot  
  62  4:59  Barracks  
  63  5:00  Marine x2  
  63  5:03  SCV  
  66  5:09  SCV  
  67  5:15  Engineering Bay, Factory Reactor  
  67  5:16  SCV, Engineering Bay  
  67  5:18  Marine x2  
  67  5:21  SCV  
  70  5:28  SCV  
  70  5:31  Refinery, Orbital Command  
  70  5:32  Refinery  
  70  5:33  SCV  
  71  5:36  Marine x2  
  71  5:40  SCV  
  74  5:44  Stimpack, Marine  
  74  5:45  Starport Reactor  
  74  5:47  SCV  
  76  5:51  Terran Infantry Weapons Level 1  
  76  5:52  Terran Infantry Armor Level 1  
  76  5:53  Marine  
  76  5:54  SCV  
  76  5:56  Orbital Command, Marine  
  79  5:58  Combat Shield  
  79  5:59  SCV  
  79  6:02  Marauder  
  80  6:11  Marauder  
  78  6:19  Marine x2  
  78  6:21  SCV  
  78  6:23  Medivac, Widow Mine, Barracks x2  
  78  6:24  Medivac  
  87  6:29  Missile Turret  
  87  6:31  Missile Turret  
  87  6:35  SCV x2  
  87  6:36  SCV  
  87  6:38  Missile Turret x2  
  87  6:39  Marine x2  
  92  6:40  Marine  
  92  6:41  Marine  
  94  6:47  SCV x2, Missile Turret  
  94  6:48  SCV  
  94  6:51  Widow Mine  
  94  6:53  Widow Mine  
  101  7:05  Supply Depot  
  101  7:07  SCV  
  101  7:12  SCV  
  101  7:20  Armory  
  101  7:21  Supply Depot  
  101  7:23  Supply Depot  
  101  7:27  Barracks Tech Lab  
  101  7:28  Barracks Tech Lab  
  101  7:29  Concussive Shells  
  101  7:32  SCV, Medivac, Refinery x2, Marine, Widow Mine x2  
  101  7:34  Supply Depot  
  101  7:36  Missile Turret  
  109  7:42  SCV x2, Medivac, Marine x2  
  109  7:43  Supply Depot, Marauder  
  117  7:45  SCV  
  117  7:49  Fusion Core, Marine  
  117  7:50  Marauder, Marine  
  122  7:55  SCV x2  
  122  7:58  SCV  
  125  8:00  Marine x2, Starport  
  125  8:01  Supply Depot  
  125  8:04  Marauder  
  129  8:07  SCV, Marine  
  129  8:08  Marauder  
  129  8:11  Marine, Sensor Tower  
  134  8:15  Terran Infantry Weapons Level 2  
  134  8:18  Reaper  
  135  8:22  Command Center  
  135  8:23  Terran Infantry Armor Level 2  
  135  8:27  Supply Depot  
  135  8:33  Marauder  
  135  8:34  Marauder  
  139  8:36  Liberator  
  139  8:41  Advanced Ballistics  
  142  8:42  Marine  
  142  8:43  Marauder  
  142  8:46  Supply Depot  
  145  8:49  Supply Depot  
  145  8:52  Liberator  
  148  8:56  Marauder, Marine  
  151  9:05  Liberator  
  153  9:10  Command Center  
  153  9:12  Terran Ship Weapons Level 1, Marine  
  153  9:13  Marauder, Marine  
  153  9:14  Marauder  
  159  9:17  Marine  
  159  9:18  Marauder  
  159  9:22  Liberator  
  165  9:27  Supply Depot  
  165  9:30  Supply Depot, Marine  
  165  9:31  Supply Depot, Marauder  
  165  9:39  Liberator  
  165  9:41  Supply Depot, Marauder, Marine  
  171  9:47  Liberator  
  171  9:52  Marine  
  175  9:53  Marauder  
  175  9:54  Liberator  
  164  10:05  SCV x3, Marine x2  
  164  10:06  Marauder x2  
  171  10:08  Liberator  
  174  10:15  Missile Turret  
  174  10:17  SCV x3, Marine x2  
  179  10:22  Liberator  
  179  10:26  Sensor Tower  
  181  10:28  Orbital Command  
  181  10:31  Planetary Fortress  
  181  10:37  SCV x2, Missile Turret  
  181  10:39  Marine  
  184  10:44  Marine  
  184  10:45  Marauder  
  184  10:48  Medivac  
  184  10:49  Marine  
  190  10:52  Marauder, Marine  
  190  10:56  Terran Infantry Weapons Level 3  
  187  11:00  SCV, Refinery, Marine  
  187  11:02  Marine  
  186  11:08  Liberator  
  185  11:20  Liberator  
  185  11:23  Liberator  
  185  11:24  Marine x2  
  187  11:27  Command Center  
  185  11:36  Marauder, Marine  
  185  11:38  Command Center  
  190  11:47  Marine  
  190  11:48  Marauder, Marine  
  190  11:50  Marine  
  190  11:53  Barracks  
  198  11:55  Marine, Barracks  
  198  11:56  Barracks  
  195  12:01  Marine  
  195  12:05  Viking x2  
  195  12:06  Viking  
  195  12:08  Marine  
  197  12:09  Marauder  
  199  12:21  Marine  
  200  12:27  Marine  
  200  12:28  Marauder  
  200  12:29  Marine  
  198  12:30  Marauder, Marine  
  197  12:39  Marine  
  191  12:45  Marine  
  191  12:47  Marauder  
  191  12:48  Marine  
  191  12:49  Marauder  
  191  12:50  Orbital Command  
  195  13:03  Marine x2  
  195  13:04  Marauder  
  198  13:07  Marauder  
  200  13:17  Ghost Academy  
  199  13:45  Viking  
  199  13:47  Marine x2  
  199  13:48  Medivac, Marauder x2  
  193  13:49  Medivac, Marauder, Marine  
  193  13:52  Marine  
  193  13:54  Viking  
  196  14:01  Orbital Command  
  192  14:10  Marauder, Marine  
  192  14:13  SCV x2  
  192  14:15  Viking  
  199  14:18  SCV  
  199  14:19  Barracks Tech Lab x2  
  199  14:20  Barracks Tech Lab  
  199  14:23  SCV  
  199  14:24  Marine  

Tags
 
Add a new tag
Caveats
  • Supply blocks, unpowered buildings, or Contaminate may cause inaccurate times.
  • Supply counts are checked every 10 seconds.